 Dungeon Crawl Stone Soup version 0.30-a0-4-ga7cffc901d (webtiles) character file.

Game seed: 18225841888330513817

899 Setbun the Slicer (level 8, -7/44 HPs)
             Began as a Kobold Brigand on Aug 21, 2022.
             Was a Follower of Wu Jian.
             Mangled by an ogre
             ... wielding a +0 giant club
              (19 damage)
             ... on level 5 of the Dungeon.
             The game lasted 00:07:30 (4565 turns).

Setbun the Slicer (Kobold Brigand)                  Turns: 4565, Time: 00:07:30

Health: -7/44      AC:  5    Str:  8    XL:     8   Next: 28%
Magic:  8/8        EV: 14    Int: 13    God:    Wu Jian [*.....]
Gold:   221        SH:  0    Dex: 18    Spells: 7/7 levels left

rFire   . . .      SeeInvis .    p - +2 dagger (venom)
rCold   . . .      Faith    .    (no shield)
rNeg    . . .      Spirit   .    b - +0 robe
rPois   .          Reflect  .    (no helmet)
rElec   .          Harm     .    c - +0 cloak
rCorr   .          Rampage  .    j - +0 pair of gloves
Will    .....                    m - +0 pair of boots
Stlth   ++++......               (no amulet)
HPRegen 0.14/turn                (no ring)
MPRegen 0.11/turn                (no ring)

@: no status effects
A: small, no large weapons, nightstalker 3
a: Renounce Religion


You were on level 5 of the Dungeon.
You worshipped Wu Jian.
Wu Jian was aware of your devotion.
You visited 2 branches of the dungeon, and saw 6 of its levels.
You also visited: Sewer.

You collected 221 gold pieces.

Inventory:

Hand Weapons
 a - a +2 dagger
 f - a +0 dagger of speed
 i - a +1 dagger of venom
 p - a +2 dagger of venom (weapon)
Missiles
 d - 18 poisoned darts (quivered)
 e - 3 curare-tipped darts
 o - 4 atropa-tipped darts
Armour
 b - a +0 robe (worn)
 c - a +0 cloak (worn)
 j - a +0 pair of gloves (worn)
 m - a +0 pair of boots (worn)
Jewellery
 q - a ring of see invisible
Wands
 y - a wand of paralysis (6)
Scrolls
 h - a scroll of identify
 k - a scroll of torment
 s - a scroll of brand weapon {unknown}
 t - a scroll of blinking {unknown}
 u - a scroll of enchant armour {unknown}
 v - a scroll of fear
 w - a scroll of butterflies {unknown}
 x - a scroll of teleportation {unknown}
 z - a scroll of amnesia {unknown}
Potions
 g - a potion of lignification
 l - a potion of haste
 n - 2 potions of mutation {unknown}
 r - a potion of magic
 A - a potion of might {unknown}
 B - a potion of curing


   Skills:
 - Level 2.1 Fighting
 * Level 11.8 Short Blades
 - Level 2.1 Throwing
 - Level 1.2 Dodging
 - Level 5.3 Stealth


You had 7 spell levels left.
You didn't know any spells.
Your spell library contained the following spells:

 Spells                   Type           Power      Damage    Failure   Level
 Foxfire                  Conj/Fire      0%         2x1d4     30%         1
 Magic Dart               Conj           0%         1d3       30%         1
 Searing Ray              Conj           0%         2d4       43%         2
 Sublimation of Blood     Necr           0%         N/A       43%         2
 Conjure Flame            Conj/Fire      0%         6-21      67%         3
 Gell's Gravitas          Tloc           0%         N/A       67%         3
 Inner Flame              Hex/Fire       0%         N/A       67%         3
 Lesser Beckoning         Tloc           0%         N/A       67%         3
 Teleport Other           Tloc           0%         N/A       67%         3
 Flame Wave               Conj/Fire      0%         2d4       97%         4
 Fulminant Prism          Conj/Hex       0%         3d6       97%         4
 Petrify                  Tmut/Erth      0%         N/A       97%         4
 Irradiate                Conj/Tmut      0%         3d11      100%        5


Dungeon Overview and Level Annotations

Branches:
Dungeon (5/15)             Temple (1/1) D:4           Sewer (visited)

Altars:
Ashenzari
Cheibriados
Elyvilon
Kikubaaqudgha
Makhleb
Wu Jian
Xom


Innate Abilities, Weirdness & Mutations

You are small and have problems with some larger weapons.
You are completely attuned to the shadows.


Message History

You hit the necrophage.
The necrophage is heavily damaged.
You hit the necrophage.
The necrophage is severely damaged.
The necrophage barely misses you.
You hit the necrophage.
The necrophage is severely damaged.
You hit the necrophage.
The necrophage is almost destroyed.
An ogre comes into view. It is wielding a +0 giant club.
The necrophage hits you but does no damage.
You barely miss the necrophage.
The necrophage is almost destroyed.
You completely miss the necrophage.
The necrophage is almost destroyed.
The necrophage misses you.
You barely miss the necrophage.
The necrophage is almost destroyed.
The ogre shouts!
You hit the necrophage.
The necrophage is almost destroyed.
The necrophage misses you.
You hit the necrophage.
The necrophage is almost destroyed.
You hit the necrophage but do no damage.
The necrophage is almost destroyed.
The necrophage closely misses you.
You hit the necrophage.
You destroy the necrophage!
The Council accepts your kill.
Your life force feels restored.
You hit the ogre.
The ogre is poisoned.
The ogre is lightly wounded.
The ogre hits you with a +0 giant club!!
Ouch! That really hurt!
* * * LOW HITPOINT WARNING * * *
The ogre attacks as you move away! The ogre closely misses you.
The ogre attacks as you move away!
The ogre hits you with a +0 giant club!!
You die...

.##)....#####
..#.......
...........
.##........
..#.......
#.#............
#.#.....^.....#
.##...O....>....#
......@.........##
####.............####
#..........#.....#
#...........#.###.###
#.###.##.####.###...#
#.##............#
#####.#####... #...##
#.. ###..####.


You could see an ogre (poisoned).

Vanquished Creatures
  Sigmund (D:3)
  Edmund (D:5)
  A scorpion (D:5)
  A necrophage (D:5)
  2 hounds
  An orc priest (D:3)
  A jelly (D:4)
  An iguana (D:4)
  Jessica (D:3)
  Ijyb (D:4)
  3 orc wizards
  A mummy (D:3)
  7 adders
  4 river rats (Sewer)
  4 worms (D:2)
  11 orcs
  7 bats
  5 endoplasms
  6 giant cockroaches
  5 goblins
  8 hobgoblins
  2 jackals (Sewer)
  15 kobolds
  4 quokkas
  11 ball pythons
  A frilled lizard (D:2)
  3 rats
108 creatures vanquished.

Vanquished Creatures (others)
  6 plants (Sewer)
6 creatures vanquished.

Grand Total: 114 creatures vanquished

Notes
Turn   | Place    | Note
-------+----------+-------------------------------------------
     0 | D:1      | Setbun the Kobold Brigand began the quest for the Orb.
     0 | D:1      | Reached XP level 1. HP: 12/12 MP: 1/1
    54 | D:1      | Reached skill level 3 in Short Blades
   153 | D:1      | Reached XP level 2. HP: 17/17 MP: 2/2
   181 | D:1      | Reached skill level 4 in Short Blades
   742 | D:1      | Reached XP level 3. HP: 21/21 MP: 3/3
   904 | D:1      | Found a faded altar of an unknown god.
  1456 | D:2      | Found a shimmering altar of Xom.
  1544 | D:2      | Reached skill level 5 in Short Blades
  1600 | D:2      | Reached XP level 4. HP: 25/26 MP: 4/4
  1893 | D:2      | Reached skill level 6 in Short Blades
  1967 | D:3      | Noticed Jessica
  1972 | D:3      | Killed Jessica
  1973 | D:3      | Reached XP level 5. HP: 30/30 MP: 5/5
  2002 | D:3      | Found a snail-covered altar of Cheibriados.
  2003 | D:3      | Noticed Sigmund
  2030 | D:3      | Killed Sigmund
  2031 | D:3      | Reached skill level 8 in Short Blades
  2031 | D:3      | Reached XP level 6. HP: 35/35 MP: 6/6
  2207 | D:3      | Reached skill level 9 in Short Blades
  2330 | D:3      | Reached XP level 7. HP: 40/40 MP: 7/7
  3026 | D:4      | Found a staircase to the Ecumenical Temple.
  3032 | Temple   | Entered the Ecumenical Temple
  3053 | Temple   | Became a worshipper of the Wu Jian Council
  3179 | D:4      | Found a glowing drain.
  3191 | Sewer    | Entered a sewer
  3600 | Sewer    | Reached skill level 10 in Short Blades
  3881 | D:4      | Noticed Ijyb
  3885 | D:4      | Killed Ijyb
  3970 | D:4      | Reached * piety under Wu Jian
  4049 | D:4      | Found a white marble altar of Elyvilon.
  4472 | D:5      | Entered Level 5 of the Dungeon
  4515 | D:5      | Reached skill level 11 in Short Blades
  4515 | D:5      | Reached XP level 8. HP: 44/44 MP: 8/8
  4525 | D:5      | Noticed Edmund
  4528 | D:5      | Found an ancient bone altar of Kikubaaqudgha.
  4528 | D:5      | Found a broken altar of Ashenzari.
  4528 | D:5      | Found a shimmering altar of Xom.
  4528 | D:5      | Killed Edmund
  4565 | D:5      | Mangled by an ogre

Illustrated notes

Levels and vault maps discovered:
D:1:      tarquinn_simple_flora_water_e, layout_rooms,
          dilly_ecumenical_altar_fadedgnrine
D:2:      minmay_spotlight, layout_loops_ring, basic_altar
D:3:      layout_basic, slow_altar_1, kennysheep_pointless_box, uniq_jessica,
          uniq_sigmund
D:4:      layout_rooms, mainiacjoe_overflow_boulevard, lemuel_temple_firewalk_b,
          portal_sewer_entry_f, uniq_ijyb
D:5:      layout_rooms, nicolae_overflows_in_rows, serial_shops,
          nicolae_lakefront_shop, uniq_edmund
Temple:   hellmonk_temple_flake

Skill      XL: |  1  2  3  4  5  6  7 |
---------------+----------------------+-----
Short Blades   | 3 4 5 6 8 9 11 | 11.8
Fighting       | |  2.1
Throwing       | |  2.1
Dodging        | |  1.2
Stealth        | |  5.3

Action                   |  1- 3 |  4- 6 |  7- 9 || total
-------------------------+-------+-------+-------++-------
Melee: Dagger            |    74 |    47 |   187 ||   308
       Punch             |       |       |     4 ||     4
Invok: Lunge             |       |       |    14 ||    14
  Use: Potion            |       |     8 |       ||     8
       Scroll            |       |       |     3 ||     3
 Stab: Sleeping          |    18 |    20 |    23 ||    61
       Invisible         |       |     2 |       ||     2
       Distracted        |       |       |     1 ||     1
Armor: Robe              |     7 |     1 |    13 ||    21
       Skin              |       |    20 |       ||    20
Dodge: Dodged            |    22 |    13 |    48 ||    83

Table legend: (Time is in decaauts)
 A = Elapsed time spent in this place.
 B = Non-inter-level travel time spent in this place.
 C = Inter-level travel time spent in this place.
 D = Time resting spent in this place.
 E = Time spent auto-exploring this place.
 F = Levels seen in this place.
 G = Mean time per level.
                   A        B        C        D        E       F      G
               +--------+--------+--------+--------+--------+-----+--------+
         Total |   4513 |   4278 |    235 |    466 |   2985 |   7 |  644.7 |
       Dungeon |   3839 |   3616 |    223 |    466 |   2516 |   5 |  767.8 |
        Temple |     30 |     18 |     12 |      0 |     14 |   1 |   30.0 |
         Sewer |    643 |    643 |      0 |      0 |    455 |   1 |  643.0 |
               +--------+--------+--------+--------+--------+-----+--------+

Top non-repeatable levels by time:
     D:3: 982 daAuts
     D:1: 975 daAuts
     D:2: 920 daAuts
     D:4: 880 daAuts
   Sewer: 643 daAuts
     D:5: 79 daAuts
  Temple: 30 daAuts
